 Dungeon Crawl Stone Soup version 0.32-a0-913-g739538afd8 (webtiles) character file.

Game seed: 2852618838465879048

11433 Adrian566 the Cruncher (level 11, -9/83 HPs)
             Began as a Demonspawn Gladiator on Apr 8, 2024.
             Mangled by Snorg (18 damage)
             ... on level 11 of the Dungeon.
             The game lasted 00:13:38 (12822 turns).

Adrian566 the Cruncher (Demonspawn Gladiator)      Turns: 12822, Time: 00:13:40

Health: -9/83      AC: 11    Str: 12 (15) XL:     11   Next: 49%
Magic:  11/11      EV: 14    Int:  5 (9)  God:
Gold:   1665       SH:  0    Dex: 22 (24) Spells: 10/10 levels left

rFire   . . .        C - +6 great sword (elec)
rCold   . . .        (shield currently unavailable)
rNeg    . . .        b - +0 troll leather armour
rPois   .            c - +0 helmet
rElec   .            l - +0 cloak
rCorr   .            q - +0 pair of gloves
SInv    +            t - +0 pair of boots
Will    .....        (no amulet)
Stlth   +++++        r - +6 ring of dexterity
HPRegen 1.13/turn    v - ring of see invisible
MPRegen 0.24/turn

%: no passive effects
@: wreathed by umbra
A: claws 1, molten scales 2, magic regeneration, foul shadow 1, deterioration 1
a: no special abilities


You were on level 11 of the Dungeon.
You visited 2 branches of the dungeon, and saw 12 of its levels.

You collected 1665 gold pieces.

Inventory:

Hand Weapons
 a - a +0 long sword
 m - a +4 demon trident
 s - a +1 scimitar of flaming
 u - the +9 quarterstaff "Sefoep" {freeze, *Corrode rElec rPois Stlth-}
   (You found it on level 3 of the Dungeon)

   rElec:     It insulates you from electricity.
   rPois:     It protects you from poison.
   *Corrode:  It may corrode you when you take damage.
   Stlth-:    It makes you less stealthy.
 C - a +6 great sword of electrocution (weapon)
Missiles
 e - 8 javelins
Armour
 b - a +0 troll leather armour (worn)
 c - a +0 helmet (worn)
 l - a +0 cloak (worn)
 q - a +0 pair of gloves (worn)
 t - a +0 pair of boots (worn)
 I - a +1 plate armour
Jewellery
 k - a ring of positive energy
 o - an amulet of the acrobat
 r - a +6 ring of dexterity (left hand)
 v - a ring of see invisible (right hand)
 w - a ring of ice
Wands
 f - a wand of flame (44)
 x - a wand of polymorph (13)
 y - a wand of charming (14)
 B - a wand of quicksilver (6)
Scrolls
 g - 2 scrolls of vulnerability
 h - 2 scrolls of teleportation
 j - 2 scrolls of fog
 n - a scroll of amnesia
 p - a scroll of poison
 G - a scroll of silence
Potions
 d - 4 potions of enlightenment
 i - a potion of degeneration
 A - 2 potions of resistance
 E - a potion of attraction
 F - 2 potions of haste {unknown}
 H - a potion of invisibility {unknown}


   Skills:
 + Level 6.4 Fighting
 * Level 6.9 Long Blades
 + Level 11.7 Staves
 + Level 1.9 Throwing
 + Level 4.5 Armour
 + Level 5.8 Dodging
 + Level 5.3 Stealth


You had 10 spell levels left.
You didn't know any spells.
Your spell library contained the following spells:

 Spells                   Type           Power      Damage    Failure   Level
 Apportation              Tloc           0%         N/A       56%         1
 Magic Dart               Conj           0%         1d3       56%         1
 Necrotise                Necr           0%         1d4       56%         1
 Sting                    Conj/Alch      0%         1d3       56%         1
 Summon Small Mammal      Summ           0%         N/A       56%         1
 Blink                    Tloc           0%         N/A       71%         2
 Call Imp                 Summ           0%         N/A       71%         2


Dungeon Overview and Level Annotations

Branches:
Dungeon (11/15)            Temple (1/1) D:6            Lair (0/5) D:9
    Orc (0/2) D:9

Altars:
Ashenzari
Cheibriados
Dithmenos
Fedhas
Gozag
Hepliaklqana
Kikubaaqudgha
Makhleb
Nemelex Xobeh
Okawaru
Qazlal
Ru
Sif Muna
Trog
Uskayaw
Vehumet
Wu Jian
Xom
Yredelemnul

Shops:
D:5 (   D:11 [

Annotations:
D:11 Snorg


Innate Abilities, Weirdness & Mutations

You have sharp fingernails.
You are mostly covered in molten scales. (AC +3)
You regenerate magic rapidly.
You are faintly shadowed, very rarely releasing foul flame when damaged in melee.
Your body sometimes deteriorates upon taking damage.


Message History

Snorg bites you. Snorg claws you. Snorg closely misses you.
You slash Snorg!
Snorg is heavily wounded.
Snorg barely misses you. Snorg closely misses you. Snorg claws you.
You are too injured to fight recklessly!
You are too injured to fight recklessly!
You are too injured to fight recklessly!
You are too injured to fight recklessly!
You are too injured to fight recklessly!
You are too injured to fight recklessly!
You are too injured to fight recklessly!
You are too injured to fight recklessly!
You are too injured to fight recklessly!
You are too injured to fight recklessly!
You are too injured to fight recklessly!
You are too injured to fight recklessly!
You are too injured to fight recklessly!
You are too injured to fight recklessly!
You are too injured to fight recklessly!
You are too injured to fight recklessly!
You are too injured to fight recklessly!
You are too injured to fight recklessly!
You are too injured to fight recklessly!
Unknown command.
You completely miss Snorg.
Snorg is heavily wounded.
Snorg closely misses you. Snorg misses you. x2
You slice Snorg!! Lightning courses through Snorg!
Snorg is severely wounded.
Snorg goes berserk!
Snorg barely misses you. Snorg claws you!!
* * * LOW HITPOINT WARNING * * *
Snorg claws you.
* * * LOW HITPOINT WARNING * * *
You barely miss Snorg.
Snorg is severely wounded.
Snorg bites you!
* * * LOW HITPOINT WARNING * * *
Snorg closely misses you. Snorg misses you. Snorg bites you but does no damage.
Snorg closely misses you. Snorg claws you!!
You die...

#.#.# #.######. #.#.#
#..........#
#.#.#####.######...#
#..........# #...# #
#.#.###....# #...##. .
..#.##.....#####........
#.#.#<........##.#.##.#
#.#.#...........T.....##
.[............#.@..#...#
###..................^..
#..........####..∩.#...#
...........# ##...# .##
#.##.###.#######...##...
#...........#.........#
..##.###..............#
#.##.# ####.#.........#
#.##.# #.####........


You could see Snorg (berserk).

Vanquished Creatures
  Erica (D:10)
  Urug (D:11)
  A manticore (D:11)
  A gargoyle (D:10)
  An unseen horror (D:10)
  3 komodo dragons (D:9)
  A kobold demonologist (D:9)
  2 trolls (D:10)
  A hornet (D:8)
  A shadow (D:10)
  4 wyverns
  10 yaks
  A basilisk (D:9)
  Eustachio (D:4)
  2 humans (D:9)
  Grum (D:9)
  A steam dragon (D:9)
  Edmund (D:6)
  2 vampire mosquitoes
  An acid dragon (D:9)
  2 ice beasts
  4 orc warriors
  A black bear (D:4)
  2 sky beasts (D:8)
  2 wolves
  2 ogres
  5 centaurs
  3 phantoms
  4 kobold brigands
  A bullfrog (D:6)
  2 gnoll sergeants
  3 scorpions
  4 wights (D:8)
  5 killer bees (D:9)
  3 howler monkeys
  A bombardier beetle (D:4)
  3 jellies
  2 hounds
  9 orc priests
  2 iguanas
  A sleepcap (D:5)
  17 orc wizards
  11 adders
  7 gnolls
  2 shadow imps
  A white imp (D:7)
  2 ufetubi (D:5)
  A dart slug (D:3)
  2 ribbon worms
  45 orcs
  8 ball pythons
  2 bats
  12 endoplasms
  2 giant cockroaches
  5 hobgoblins
  31 kobolds
  A quokka (D:1)
  3 frilled lizards
  8 goblins
  5 rats
263 creatures vanquished.

Vanquished Creatures (others)
  An orc warrior (D:8)
  3 bullfrogs (D:8)
  An orc (D:9)
5 creatures vanquished.

Grand Total: 268 creatures vanquished

Notes
Turn   | Place    | Note
-------+----------+-------------------------------------------
     0 | D:1      | Adrian566 the Demonspawn Gladiator began the quest for the
                  | Orb.
     0 | D:1      | Reached XP level 1. HP: 16/16 MP: 1/1
   191 | D:1      | Gained mutation: You have sharp fingernails. [demonic
                  | ancestry]
   191 | D:1      | Reached XP level 2. HP: 11/22 MP: 2/2
   966 | D:2      | Reached skill level 1 in Armour
   966 | D:2      | Gained mutation: You are faintly shadowed, very rarely
                  | releasing foul flame when damaged in melee. [demonic
                  | ancestry]
   966 | D:2      | Reached XP level 3. HP: 22/27 MP: 3/3
  1632 | D:2      | Found a stormy altar of Qazlal.
  1931 | D:3      | Found an opulent altar of Gozag.
  1962 | D:3      | Gained mutation: You are partially covered in molten
                  | scales. (AC +2) [demonic ancestry]
  1962 | D:3      | Reached XP level 4. HP: 34/34 MP: 4/4
  2285 | D:3      | Identified the +9 quarterstaff "Sefoep" {freeze, *Corrode
                  | rElec rPois Stlth-}
  2309 | D:3      | Found the +7 staff of the Meek {protect, meekguard}
  2397 | D:3      | Found a faded altar of an unknown god.
  2487 | D:3      | Reached skill level 1 in Stealth
  2782 | D:4      | Gained mutation: You regenerate magic rapidly. [demonic
                  | ancestry]
  2782 | D:4      | Reached XP level 5. HP: 38/39 MP: 5/5
  2782 | D:4      | Noticed Eustachio
  2792 | D:4      | Killed Eustachio
  2793 | D:4      | Reached skill level 1 in Staves
  2793 | D:4      | Reached XP level 6. HP: 19/46 MP: 6/6
  2800 | D:4      | Reached skill level 2 in Staves
  2988 | D:4      | Reached skill level 3 in Staves
  3158 | D:4      | Reached XP level 7. HP: 41/51 MP: 7/7
  3237 | D:4      | Found a broken altar of Ashenzari.
  3554 | D:5      | Entered Level 5 of the Dungeon
  3665 | D:5      | Gained mutation: Your body sometimes deteriorates upon
                  | taking damage. [potion of mutation]
  4352 | D:5      | Identified a scroll of acquirement
  4557 | D:5      | Acquired 1001 gold pieces
  4656 | D:5      | Reached skill level 4 in Staves
  4690 | D:5      | Found Roacvipt's Antique Weapon Emporium.
  4875 | D:5      | Noticed a +0 falchion
  4875 | D:5      | Noticed a +0 dagger
  4875 | D:5      | Noticed a +0 spear
  4876 | D:5      | Noticed a +0 spear
  4877 | D:5      | Noticed a +0 short sword
  4878 | D:5      | Noticed a +0 dagger
  4878 | D:5      | Noticed a +0 falchion
  4879 | D:5      | Noticed a +0 short sword
  4884 | D:5      | Found a hide-covered altar of Uskayaw.
  5223 | D:6      | Reached skill level 5 in Long Blades
  5223 | D:6      | Reached XP level 8. HP: 58/58 MP: 8/8
  5324 | D:6      | Reached skill level 5 in Staves
  5345 | D:6      | Found a staircase to the Ecumenical Temple.
  5411 | D:6      | You fall into a shaft and drop 3 floors!
  5430 | D:9      | Noticed a komodo dragon
  5726 | D:8      | Found a shimmering altar of Xom.
  5921 | D:8      | Noticed a hornet
  5928 | D:8      | Killed a hornet
  5929 | D:8      | Reached skill level 6 in Staves
  6109 | D:7      | Reached skill level 7 in Staves
  6120 | D:7      | Reached XP level 9. HP: 60/65 MP: 9/9
  6647 | D:6      | Noticed Edmund
  6653 | D:6      | Killed Edmund
  6654 | D:6      | Reached skill level 8 in Staves
  7307 | Temple   | Entered the Ecumenical Temple
  7564 | D:8      | Reached skill level 9 in Staves
  8333 | D:9      | Noticed Grum
  8684 | D:9      | Killed Grum
  8688 | D:9      | Gained mutation: You are mostly covered in molten scales.
                  | (AC +3) [demonic ancestry]
  8688 | D:9      | Reached XP level 10. HP: 31/73 MP: 10/10
  8961 | D:9      | Reached skill level 5 in Fighting
  8966 | D:9      | HP: 3/74 [wyvern (8)]
  8967 | D:9      | Reached skill level 10 in Staves
  9303 | D:9      | Found a staircase to the Lair.
  9411 | D:9      | Found an iron altar of Okawaru.
  9541 | D:9      | Found a staircase to the Orcish Mines.
 10130 | D:9      | Reached skill level 5 in Stealth
 10190 | D:9      | Reached skill level 5 in Dodging
 10634 | D:10     | Entered Level 10 of the Dungeon
 10705 | D:10     | Found a burning altar of Makhleb.
 10800 | D:10     | Found a sacrificial altar of Ru.
 10889 | D:10     | Reached skill level 11 in Staves
 10903 | D:10     | Reached XP level 11. HP: 59/81 MP: 11/11
 11266 | D:10     | Found an ancient bone altar of Kikubaaqudgha.
 11429 | D:10     | Found a stormy altar of Qazlal.
 11770 | D:11     | Noticed Urug
 11778 | D:11     | Noticed Erica
 12018 | D:10     | Killed Erica
 12489 | D:11     | Killed Urug
 12693 | D:11     | Noticed a red ugly thing
 12694 | D:11     | Found Ustengia's Armour Shoppe.
 12697 | D:11     | Noticed Snorg
 12822 | D:11     | Mangled by Snorg

Illustrated notes

Levels and vault maps discovered:
D:1:      tekkud_arrival_beachfront_property, layout_basic, grunt_decor_junction
D:2:      layout_basic, basic_altar
D:3:      corexii_shack_village, layout_loops_ring,
          mainiacjoe_overflow_24_doors,
          shapermc_ecumenical_altar_mp_urbaneastern, hangedman_decor_riveting,
          chequers_serial_rivers_large_a, fountainhead
D:4:      layout_loops_cross, mainiacjoe_overflow_catch_the_wave, uniq_eustachio
D:5:      layout_basic, nicolae_uskayaw_en_pointe, serial_shops, shop,
          kennysheep_another_room
D:6:      layout_basic, minmay_temple_entry_arrows, kennysheep_generic_room_10,
          uniq_edmund
D:7:      layout_rooms, tso_oasis_becter, mainiacjoe_overflow_surrounded_room,
          minivault_10
D:8:      layout_loops_corners, xom_confusion_cloud,
          chequers_serial_rivers_room_a
D:9:      layout_loops_corners, okawaru_humans, erik_lair_dragon, erik_orc_4,
          uniq_grum
D:10:     layout_loops_ring, mainiacjoe_overflow_paths, bloody_makhleb,
          kennysheep_little_box, kennysheep_mini, serial_co_window_serial,
          co_window_corner_a, co_window_paths_a, co_window_corner_a,
          co_window_corner_a, co_window_corner_a, co_window_2corner,
          co_window_2corner, co_window_corner_b, co_window_of_opportunity_b,
          co_window_paths_c, co_window_unsneaky_path_d, co_window_cross_3,
          co_window_paths_d, glass_columns_a, glass_columns_a, glass_columns_c
D:11:     layout_loops_ring, serial_shops, shop, uniq_erica, uniq_urug,
          uniq_snorg
Temple:   hellmonk_temple_rainy

Skill      XL: |  1  2  3  4  5  6  7  8  9 10 11 |
---------------+----------------------------------+-----
Long Blades    | 3 4 5 6 |  6.9
Dodging        | 3 4 5 |  5.8
Armour         | 1 2 3 4 |  4.5
Stealth        | 1 2 4 5 |  5.3
Staves         | 1 3 4 7 9 11 | 11.7
Fighting       | 3 4 5 6 |  6.4
Throwing       | |  1.9

Action                     |  1- 3 |  4- 6 |  7- 9 | 10-12 || total
---------------------------+-------+-------+-------+-------++-------
  Melee: Long sword        |   118 |    35 |       |       ||   153
         Quarterstaff      |       |    59 |   260 |   264 ||   583
         Great sword       |       |       |       |     9 ||     9
    Use: Scroll            |       |       |    16 |    12 ||    28
         Potion            |       |       |     7 |       ||     7
   Stab: Sleeping          |     3 |     4 |    11 |     5 ||    23
         Distracted        |       |       |       |     1 ||     1
 Armour: Leather armour    |    97 |    54 |   129 |     7 ||   287
         Acid dragon scale |       |       |       |    55 ||    55
         Plate armour      |       |       |       |    11 ||    11
         Troll leather arm |       |       |       |   119 ||   119
  Dodge: Dodged            |   100 |    77 |   182 |   216 ||   575

Table legend: (Time is in decaauts)
 A = Elapsed time spent in this place.
 B = Non-inter-level travel time spent in this place.
 C = Inter-level travel time spent in this place.
 D = Time resting spent in this place.
 E = Time spent auto-exploring this place.
 F = Levels seen in this place.
 G = Mean time per level.
                   A        B        C        D        E       F      G
               +--------+--------+--------+--------+--------+-----+--------+
         Total |  12822 |  12399 |    423 |   2879 |   7632 |  12 | 1068.5 |
       Dungeon |  12820 |  12397 |    423 |   2879 |   7632 |  11 | 1165.5 |
        Temple |      1 |      1 |      0 |      0 |      0 |   1 |    1.0 |
               +--------+--------+--------+--------+--------+-----+--------+

Top non-repeatable levels by time:
     D:9: 2329 daAuts
    D:10: 1783 daAuts
     D:5: 1670 daAuts
     D:8: 1587 daAuts
     D:6: 988 daAuts
     D:2: 955 daAuts
     D:4: 912 daAuts
     D:3: 896 daAuts
     D:1: 850 daAuts
     D:7: 461 daAuts
    D:11: 383 daAuts
  Temple: 1 daAuts
